 Dungeon Crawl Stone Soup version 0.32-a0-918-g0f22ef8d61 (webtiles) character file.

Game seed: 8381781402409514053

2301227 NormalPerson7 the Slayer (level 25, 180/230 HPs)
             Began as a Mummy Wanderer on Apr 11, 2024.
             Was the Champion of Nemelex Xobeh.
             Escaped with the Orb
             ... and 4 runes!
             The game lasted 03:57:46 (69518 turns).

NormalPerson7 the Slayer (Mummy Wanderer)          Turns: 69518, Time: 03:57:47

Health: 180/230    AC: 53    Str: 37    XL:     25   Next: 95%
Magic:  37/37      EV:  9    Int:  8    God:    Nemelex Xobeh [******]
Gold:   3272       SH: 23    Dex: 14    Spells: 24/24 levels left

rFire   + + .        n - +9 demon trident (heavy)
rCold   + + .        C - +5 kite shield {rC+}
rNeg    + + +        M - +7 crystal plate armour "Qazonecs" {rElec rF+ Str+3}
rPois   ∞            r - +2 helmet
rElec   +            J - +4 dragonskin cloak {Aegis}
rCorr   .            c - +2 pair of gloves "Beuf" {Will++}
SInv    .            y - +2 pair of boots {Fly}
Will    +++++        h - amulet "Koujafel" {Reflect rPois Will+ Str+6 SH+5} Stlth
                     A - ring of protection from fire
HPRegen 0.58/turn    F - ring of protection from fire
MPRegen 0.25/turn

%: reflection, faith
@: flying, studying Ice Magic
A: cold resistance 1, negative energy resistance 3, torment resistance 2, heat
vulnerability 1, in touch with death 2, no potions, faith
0: Orb of Zot
}: 4/15 runes: decaying, serpentine, slimy, silver
a: Renounce Religion, Draw Escape, Draw Destruction, Draw Summoning, Triple
Draw, Deal Four, Stack Five


You escaped.
You worshipped Nemelex Xobeh.
Nemelex Xobeh was exalted by your worship.
You visited 11 branches of the dungeon, and saw 53 of its levels.
You visited 1 bazaar.
You also visited: Bailey, Ice Cave and Volcano.

You collected 8278 gold pieces.
You spent 5006 gold pieces at shops.

Inventory:

Hand Weapons
 a - the +7 trident of Forgiveness {freeze, rC+ Int+2}
   (You found it on level 2 of the Dungeon)

   Int+2:     It affects your intelligence (+2).
   rC+:       It protects you from cold.
 b - the +5 Force Lance {heavy, knockback}
   (You bought it in a shop on level 6 of the Dungeon)
 n - a +9 heavy demon trident (weapon)
Missiles
 D - 26 curare-tipped darts (quivered)
 N - 12 javelins
 O - 3 throwing nets {!f}
Armour
 c - the +2 pair of gloves "Beuf" (worn) {Will++}
   (You found it on level 2 of the Depths)

   Will++:    It greatly increases your willpower.
 m - the +2 cloak of Imperfection {+Blink rC++ Int+2}
   (You acquired it on level 5 of the Pits of Slime)

   Int+2:     It affects your intelligence (+2).
   rC++:      It greatly protects you from cold.
   +Blink:    It lets you blink.
 r - a +2 helmet (worn)
 y - a +2 pair of boots of flying (worn)
 C - a +5 kite shield of cold resistance (worn)
 J - the +4 dragonskin cloak (worn) {Aegis}
   (You found it on level 3 of the Realm of Zot)

   Avatar's Aegis: It grants the wearer a chance to resist fire, cold, poison,
   electricity, acid, and negative energy.
 M - the +7 crystal plate armour "Qazonecs" (worn) {rElec rF+ Str+3}
   (You bought it in a shop on level 1 of the Snake Pit)

   Str+3:     It affects your strength (+3).
   rF+:       It protects you from fire.
   rElec:     It insulates you from electricity.
Magical Staves
 I - a staff of cold
Jewellery
 h - the amulet "Koujafel" (around neck) {Reflect rPois Will+ Str+6 SH+5}
   (You took it off a deep elf sorcerer on level 3 of the Elven Halls)

   [amulet of reflection]

   Reflect:   It reflects blocked missile attacks.
   Str+6:     It affects your strength (+6).
   rPois:     It protects you from poison.
   Will+:     It increases your willpower.
   SH+5:      It affects your SH (+5).
 s - the ring "Budus" {Fire Int+3 Dex+4 Stlth-}
   (You found it on level 4 of the Snake Pit)

   [ring of fire]

   Fire:      It enhances your fire magic.
   Int+3:     It affects your intelligence (+3).
   Dex+4:     It affects your dexterity (+4).
   rF+:       It protects you from fire.
   rC-:       It makes you vulnerable to cold.
   Stlth-:    It makes you less stealthy.
 v - an amulet of reflection
 A - a ring of protection from fire (left hand)
 B - a ring of wizardry
 E - a +5 ring of evasion
 F - a ring of protection from fire (right hand)
 R - a ring of resist corrosion
 S - a +4 ring of slaying
 V - a +5 ring of evasion
 W - a ring of willpower
 Z - a ring of see invisible
Wands
 f - a wand of polymorph (34)
 j - a wand of mindburst (25)
 G - a wand of quicksilver (20)
 K - a wand of paralysis (94)
 P - a wand of flame (112)
 U - a wand of digging (5)
 X - a wand of iceblast (61)
Scrolls
 e - 5 scrolls of fear
 g - 5 scrolls of silence
 i - 6 scrolls of torment
 k - 7 scrolls of poison
 o - 4 scrolls of fog
 t - 24 scrolls of teleportation
 u - a scroll of butterflies {!r}
 w - 7 scrolls of noise
 x - 2 scrolls of blinking
 z - 9 scrolls of vulnerability
 L - 2 scrolls of enchant armour
 Q - 5 scrolls of immolation
Miscellaneous
 d - a sack of spiders
 p - a phantom mirror (inert)
 q - a condenser vane
 H - a phial of floods
 Y - a lightning rod (4/4)


   Skills:
 - Level 26.0 Fighting
 - Level 2.0 Maces & Flails
 - Level 14.0 Polearms
 - Level 22.0 Armour
 - Level 6.0 Dodging
 - Level 15.0 Shields
 + Level 21.0 Invocations
 - Level 10.0 Evocations


You had 24 spell levels left.
You didn't know any spells.
Your spell library contained the following spells:

 Spells                   Type           Power      Damage    Failure   Level
 Apportation              Tloc           0%         N/A       97%         1
 Necrotise                Necr           0%         1d4       97%         1
 Slow                     Hex            0%         N/A       97%         1
 Sting                    Conj/Alch      0%         1d3       97%         1
 Summon Small Mammal      Summ           0%         N/A       97%         1
 Blink                    Tloc           0%         N/A       99%         2
 Call Imp                 Summ           0%         N/A       99%         2
 Cigotuvi's Dreadful Rot  Necr/Alch/Air  0%         N/A       99%         2
 Ensorcelled Hibernation  Hex/Ice        0%         N/A       99%         2
 Lesser Beckoning         Tloc           0%         N/A       99%         2
 Mercury Vapours          Alch/Air       0%         N/A       99%         2
 Momentum Strike          Conj/Tloc      0%         3d8       99%         2
 Call Canine Familiar     Summ           0%         N/A       100%        3
 Dazzling Flash           Conj/Hex       0%         N/A       100%        3
 Fugue of the Fallen      Necr           0%         N/A       100%        3
 Hailstorm                Conj/Ice       0%         3d5       100%        3
 Maxwell's Portable Pile  Tloc           0%         2d(5-13)  100%        3
 Mephitic Cloud           Conj/Alch/Air  0%         N/A       100%        3
 Ozocubu's Armour         Ice            0%         N/A       100%        3
 Passwall                 Erth           0%         N/A       100%        3
 Sigil of Binding         Hex            0%         N/A       100%        3
 Stone Arrow              Conj/Erth      0%         3d7       100%        3
 Summon Ice Beast         Ice/Summ       0%         N/A       100%        3
 Swiftness                Air            0%         N/A       100%        3
 Teleport Other           Tloc           0%         N/A       100%        3
 Tukima's Dance           Hex            0%         N/A       100%        3
 Volatile Blastmotes      Fire/Tloc      0%         2d10      100%        3
 Animate Armour           Summ/Erth      0%         N/A       100%        4
 Cause Fear               Hex            0%         N/A       100%        4
 Dimensional Bullseye     Hex/Tloc       0%         N/A       100%        4
 Dispel Undead            Necr           0%         3d6       100%        4
 Flame Wave               Conj/Fire      0%         2d4       100%        4
 Ignite Poison            Fire/Alch      0%         N/A       100%        4
 Leda's Liquefaction      Alch/Erth      0%         N/A       100%        4
 Martyr's Knell           Necr/Summ      0%         N/A       100%        4
 Olgreb's Toxic Radiance  Alch           0%         N/A       100%        4
 Passage of Golubria      Tloc           0%         N/A       100%        4
 Sticky Flame             Fire/Alch      0%         2d4       100%        4
 Summon Blazeheart Golem  Fire/Summ      0%         N/A       100%        4
 Vhi's Electric Charge    Tloc/Air       0%         N/A       100%        4
 Arcjolt                  Conj/Air       0%         1d10      100%        5
 Fireball                 Conj/Fire      0%         3d3       100%        5
 Freezing Cloud           Conj/Ice/Air   0%         6-21      100%        5
 Lee's Rapid Deconstruct  Erth           0%         3d4*      100%        5
 Silence                  Hex/Air        0%         N/A       100%        5
 Summon Forest            Summ/Tloc      0%         N/A       100%        5
 Yara's Violent Unravell  Hex/Alch       0%         3d3       100%        5
 Bombard                  Conj/Erth      0%         9d1       100%        6
 Conjure Ball Lightning   Conj/Air       0%         3x3d6     100%        6
 Death Channel            Necr           0%         N/A       100%        6
 Dispersal                Tloc           0%         N/A       100%        6
 Eringya's Noxious Bog    Alch           0%         4d6       100%        6
 Gell's Gavotte           Tloc           0%         2d(11-16) 100%        6
 Permafrost Eruption      Ice/Erth       0%         2x4d1     100%        6
 Plasma Beam              Fire/Air       0%         2x1d10    100%        6
 Sculpt Simulacrum        Ice/Alch       0%         N/A       100%        6
 Manifold Assault         Tloc           0%         N/A       100%        7
 Monstrous Menagerie      Summ           0%         N/A       100%        7
 Orb of Destruction       Conj           0%         9d5       100%        7
 Ozocubu's Refrigeration  Ice            0%         4d7       100%        7
 Spellforged Servitor     Conj/Summ      0%         N/A       100%        7
 Summon Hydra             Summ           0%         N/A       100%        7
 Discord                  Hex            0%         N/A       100%        8
 Disjunction              Tloc           0%         N/A       100%        8
 Ignition                 Fire           0%         3d3       100%        8
 Lehudib's Crystal Spear  Conj/Erth      0%         10d2      100%        8
 Dragon's Call            Summ           0%         N/A       100%        9


Dungeon Overview and Level Annotations

Branches:
Dungeon (15/15)            Temple (1/1) D:7            Lair (5/5) D:9
  Swamp (4/4) Lair:2        Snake (4/4) Lair:3        Slime (5/5) Lair:4
    Orc (2/2) D:10            Elf (3/3) Orc:2        Vaults (5/5) D:14
  Crypt (0/3) Vaults:3     Depths (4/4) D:15            Zot (5/5) Depths:4
 Bailey (visited)           IceCv (visited)         Volcano (visited)

Altars:
Ashenzari
Cheibriados
Dithmenos
Fedhas
Gozag
Hepliaklqana
Kikubaaqudgha
Makhleb
Nemelex Xobeh
Okawaru
Qazlal
Ru
Sif Muna
Trog
Uskayaw
Vehumet
Wu Jian
Xom
Yredelemnul
Beogh
Jiyva

Shops:
D:6 (   D:9 [   Orc:2 [(*(   Elf:1 !   Elf:2 (   Snake:1 *[   Snake:3 :
Vaults:4 !   Depths:2 (   Depths:4 *?

Portals:
Hell: Depths:1 Depths:2 Depths:3 Depths:4
Abyss: Depths:3 Depths:4
Pandemonium: Depths:2
Ziggurat: Depths:2
Trove: Elf:1 (give +8 demon blade)

Annotations:
D:8 2 transporters
Lair:5 exclusion: oklob plant
Swamp:3 1 runed translucent door, exclusion: door, Noufimio's ghost, adept KoBr
Elf:3 Roxanne
Zot:1 1 runed translucent door, exclusion: door, Ifoebbur's ghost, legendary KoDe
Zot:2 2 transporters, exclusion: obsidian statue


Innate Abilities, Weirdness & Mutations

You are immune to poison.
Your flesh is cold resistant. (rC+)
You are immune to negative energy. (rN+++)
You are immune to unholy pain and torment.
You are vulnerable to heat. (rF-)
You are strongly in touch with the powers of death.
You do not drink.
You have a special connection with the divine. (Faith)


Message History

(D) Dungeon (T) Temple (L) Lair (S) Swamp (P) Snake Pit (M) Slime Pits (O) Orcish Mines (E) Elven Halls (V) Vaults (C) Crypt (U) Depths (H) Hell (Z) Zot
Where to? (Tab/Enter - D:1 @ (x,y), ? - help)
There is a stone staircase leading up here.
You fly upwards.
There is a stone staircase leading down here.
There is a stone staircase leading up here.
You fly upwards.
There is a stone staircase leading down here.
You see here 9 stones.
There is a stone staircase leading up here.
You fly upwards.
There is a stone staircase leading down here.
A Kiowk and an orange demon come into view.
Press: ? - help, v - describe, . - travel
Here: Kiowk, armed with a freezing touch The floor.
Press: ? - help, v - describe, . - travel
Here: Kiowk, armed with a freezing touch The floor.
Okay, then.
Unknown command.
The orange demon screeches!
A hellion comes into view.
The hellion gestures at you.
The sphere of damnation explodes!
The damnation engulfs you!!!
Things that are here:
a +0 dagger; a goblin skeleton; a goblin skeleton Kiowk kicks you but does no damage.
There is an open door here.
Kiowk attacks as it pursues you! You block Kiowk's attack.
Kiowk attacks as it pursues you! Kiowk kicks you!! Kiowk freezes you.
You block Kiowk's attack.
An Orb Guardian comes into view.
There is a staircase leading out of the dungeon here.
You block Kiowk's attack. x2
You have escaped!

...........#######...............
...........# ##...2............
.........#### ##.42).4...........
............###ß'ß###...#......#.
...........##≈~~.~≈≈##..#....(##.
..........##≈~~.P.~~≈##.#.....###
.........##≈≈P..ß..P≈≈###.....#..
.###...#.#~≈~...&...~~≈##...2.#..
.###...#.#~P.ß..@..ß.P~##........
..#....#.#X~~.......~~~##.).###.#
...)...#.##≈≈P..ß..P≈≈###...#....
...#...#..##~~~.P.~~≈##.#.....###
#.##...#...##≈≈~.~~≈##..#...##...
#.##........###ß+ß###............
#...........................##...
#........##.######.#.###.)..##...
..#####.....# #.#..##.####....


You could see Kiowk, an Orb Guardian, an orange demon and a hellion.

Vanquished Creatures
  A dread lich (Zot:5)
  3 ancient liches
  4 orbs of fire (Zot:5)
  2 juggernauts
  6 Killer Klowns
  2 curse toes
  9 golden dragons
  2 doom hounds (Depths:3)
  Jory (Depths:3)
  3 electric golems
  15 tentacled monstrosities
  4 liches
  25 Orb Guardians
  Grunn (Depths:3)
  2 deep elf blademasters
  3 deep elf master archers (Elf:3)
  3 titans
  9 sphinxes
  6 quicksilver dragons
  13 acid blobs
  The ghost of topfpfpflanze the Stormcaller, an adept OpAE of Gozag (Snake:1)
  6 death cobs
  Gastronok (Lair:3)
  11 shadow dragons
  6 tengu reavers
  An ancient champion (Vaults:3)
  A fenstrider witch (Swamp:3)
  11 azure jellies
  3 thorn hunters
  17 storm dragons
  2 rockslimes
  6 fire giants
  2 emperor scorpions (Depths:3)
  12 deep elf sorcerers
  6 draconian monks
  3 frost giants (Depths:3)
  3 draconian knights
  2 protean progenitors (Zot:2)
  6 draconian scorchers
  4 draconian shifters
  18 vault wardens
  An iron dragon (Vaults:5)
  4 draconian stormcallers
  8 deep elf elementalists (Elf:3)
  An angel (D:5)
  3 ghost moths
  2 orc warlords
  A spriggan defender (Depths:2)
  A reaper (IceCv)
  13 stone giants
  A draconian annihilator (Zot:5)
  4 quicksilver oozes
  17 very ugly things
  10 formless jellyfish
  14 ironbound preservers
  11 deep elf death magi
  6 green draconians
  11 ironbound thunderhulks
  2 vampire knights
  10 purple draconians
  5 eleionomae
  8 deep elf demonologists
  7 black draconians
  10 deep elf annihilators
  3 yellow draconians
  4 bunyips
  11 red draconians
  14 dire elephants
  A minotaur (Slime:5)
  5 spark wasps
  11 white draconians
  An eidolon (Vaults:3)
  Snorg (Lair:3)
  12 ettins
  A crystal guardian (Vaults:1)
  3 merfolk javelineers (Depths:2)
  7 entropy weavers
  2 shambling mangroves (Swamp:4)
  Josephine (Orc:2)
  6 fire dragons
  12 yaktaur captains
  8 deep elf high priests
  11 great orbs of eyes
  37 vault guards
  2 rakshasas
  A jorogumo (Snake:4)
  A peacekeeper (Vaults:1)
  A hell beast (Depths:3)
  26 hydras
  2 salamander tyrants (Snake:4)
  2 catoblepae (Depths:3)
  7 boulder beetles
  2 ghost crabs
  5 ironbound frosthearts
  7 ice dragons
  18 centaur warriors
  27 dancing weapons
  An ogre mage (Vaults:5)
  5 spriggan air magi
  11 alligators
  4 two-headed ogres
  3 death yaks (Lair:5)
  2 hell hogs
  9 anacondas
  7 deep troll shamans
  A tengu warrior (Depths:2)
  2 titan zombies (Vaults:5)
  2 satyrs (Zot:2)
  8 deep troll earth magi
  An orc high priest (Orc:2)
  A spriggan berserker (Depths:3)
  2 demonic crawlers (Depths:3)
  12 naga sharpshooters
  12 naga warriors
  7 hell knights
  A sun demon (Depths:1)
  Sonja (Orc:2)
  15 deep elf knights
  2 occultists
  2 shock serpents
  3 skysharks
  4 salamander mystics
  A sixfirhy (Depths:2)
  A skeletal warrior (Vaults:3)
  9 goliath frogs
  A shadow wraith (Vaults:5)
  13 deep elf archers
  40 deep trolls
  6 iron trolls
  A death drake (Slime:5)
  5 spriggan druids
  9 mana vipers
  4 glowing orange brains
  20 lindwurms
  A shadow demon (D:15)
  2 flayed ghosts
  15 swamp dragons
  5 phantasmal warriors
  3 thermic dynamos
  A mana viper (shapeshifter) (Vaults:5)
  10 arcanists
  5 naga ritualists
  30 deep elf pyromancers
  7 harpies
  19 ironbound convokers
  5 necromancers
  10 orc knights
  4 bog bodies
  An iron dragon zombie (Vaults:5)
  2 obsidian bats (Orc:2)
  28 deep elf zephyrmancers
  A faun (shapeshifter) (Vaults:5)
  17 cyclopes
  3 orc sorcerers
  5 shining eyes
  2 will-o-the-wisps
  A faun (Slime:4)
  Maurice (Orc:2)
  11 salamanders
  47 ugly things
  A manticore (Snake:4)
  21 moths of wrath
  3 elephants (Lair:2)
  A fire giant skeleton (Vaults:5)
  A toenail golem (Zot:4)
  An ice statue (IceCv)
  22 vault sentinels
  2 guardian serpents (Snake:4)
  33 black mambas
  3 gargoyles
  A molten gargoyle (Volcano)
  16 naga magi
  A smoke demon (Depths:2)
  A stone giant skeleton (Vaults:3)
  6 torpor snails
  15 cane toads
  10 rime drakes
  23 yaktaurs
  2 efreet
  10 komodo dragons
  3 tormentors
  2 anaconda simulacra (IceCv)
  2 freezing wraiths
  7 polar bears
  10 hornets
  5 trolls
  11 tyrant leeches
  2 tarantellas (Vaults:1)
  A jumping spider (Vaults:1)
  A raiju (Snake:4)
  2 glass eyes
  11 blink frogs
  12 dream sheep
  73 slime creatures
  3 air elementals
  8 spriggans
  2 centaur simulacra
  A human simulacrum (Vaults:3)
  2 vampires
  2 water elementals
  A shadow (D:11)
  A spriggan (shapeshifter) (Vaults:5)
  5 wyverns
  4 wraiths
  3 fire elementals (Volcano)
  A fire bat (Volcano)
  6 basilisks
  49 yaks
  4 steam dragons
  4 redbacks
  6 golden eyes
  A death yak simulacrum (IceCv)
  9 wargs
  A redback (shapeshifter) (Vaults:4)
  15 vampire mosquitoes
  36 nagas
  13 swamp worms
  A glowing shapeshifter zombie (Vaults:3)
  A harpy simulacrum (IceCv)
  An acid dragon (Lair:5)
  An ogre skeleton (Vaults:5)
  11 water moccasins
  14 swamp drakes
  4 ice beasts
  4 sky beasts
  3 laughing skulls
  34 orc warriors
  2 black bears (D:9)
  3 ogres
  36 wolves
  A tengu (Snake:2)
  2 boggarts (Elf:1)
  6 centaurs
  Blork the orc (D:4)
  A brain worm (Elf:2)
  8 kobold brigands
  A bombardier beetle (shapeshifter) (Vaults:5)
  13 bullfrogs
  5 earth elementals
  2 gnoll sergeants
  A glowing shapeshifter simulacrum (Vaults:3)
  A cane toad simulacrum (IceCv)
  An ogre simulacrum (Vaults:3)
  3 scorpions
  6 two-headed ogre simulacra (IceCv)
  8 wights
  17 killer bees
  2 elephant simulacra (IceCv)
  3 howler monkeys (D:9)
  2 electric eels
  5 lava snakes (Volcano)
  8 jellies
  26 orc priests
  5 bombardier beetles
  A gnoll bouda (D:8)
  3 sleepcaps
  4 iguanas (Lair:5)
  21 orc wizards
  2 polar bear simulacra (IceCv)
  7 spriggan simulacra (IceCv)
  7 troll simulacra (IceCv)
  3 wolf simulacra (IceCv)
  8 adders
  18 gnolls
  7 naga simulacra (IceCv)
  2 shadow imps
  4 white imps
  7 ufetubi
  3 dart slugs
  A ribbon worm (D:2)
  86 orcs
  12 endoplasms
  3 giant cockroaches
  8 goblins
  7 hobgoblins
  3 quokkas
  6 ball pythons
  6 bats
  5 frilled lizards
  38 kobolds
  5 rats
2114 creatures vanquished.

Vanquished Creatures (collateral kills)
  Mara (Swamp:3)
  Rupert (Orc:2)
  2 Orb Guardians (Zot:5)
  A quicksilver dragon (Zot:5)
  A deep elf blademaster (Elf:3)
  A vault warden (Vaults:5)
  A deep elf elementalist (Elf:3)
  An orc warlord (Orc:2)
  2 draconian annihilators (Zot:1)
  A stone giant (Volcano)
  An eleionoma (Swamp:2)
  A yellow draconian (Zot:2)
  A bunyip (shapeshifter) (Lair:1)
  A white draconian (Zot:1)
  A vault guard (Vaults:5)
  A hydra (Swamp:4)
  2 alligators (Swamp:2)
  A death drake (Swamp:2)
  2 swamp dragons (Swamp:2)
  A naga ritualist (Snake:1)
  2 mana vipers (Snake:1)
  2 cyclopes (D:11)
  2 elephants (Lair:5)
  2 moths of wrath
  A molten gargoyle (Volcano)
  A vault sentinel (Vaults:2)
  A black mamba (Snake:1)
  An eye of devastation (Slime:5)
  A cane toad (Lair:1)
  A komodo dragon (Lair:1)
  A yaktaur (Vaults:5)
  A freezing wraith (IceCv)
  A hornet (Swamp:2)
  A polar bear (D:11)
  2 tyrant leeches (Swamp:2)
  2 yaks (D:7)
  A vampire mosquito (Swamp:2)
  A swamp worm (Swamp:2)
  A water moccasin (Lair:5)
  3 orc warriors
  3 orc priests (Orc:2)
  Terence (D:2)
  6 orcs (Orc:2)
  A giant cockroach (D:2)
  A kobold (D:2)
64 creatures vanquished.

Vanquished Creatures (others)
  A deep elf knight (Elf:2)
  A bloated husk (Swamp:3)
  A tyrant leech (Swamp:4)
  An air elemental (Elf:3)
  A steam dragon (Lair:5)
  An orc (Vaults:5)
  A jackal (Depths:1)
  A kobold (D:8)
  5 foxfires
  2 starspawn tentacles (Swamp:3)
15 creatures vanquished.

Grand Total: 2193 creatures vanquished

Notes
Turn   | Place    | Note
-------+----------+-------------------------------------------
     0 | D:1      | NormalPerson7 the Mummy Wanderer began the quest for the
                  | Orb.
     0 | D:1      | NormalPerson7 set off with the following items: a +0 club,
                  | a +0 scale mail, a sack of spiders, a scroll of fear, a
                  | scroll of teleportation.
     0 | D:1      | Reached XP level 1. HP: 19/19 MP: 1/1
    81 | D:1      | Reached XP level 2. HP: 26/26 MP: 2/2
   340 | D:1      | Reached skill level 1 in Maces & Flails
   813 | D:2      | Found a faded altar of an unknown god.
   869 | D:2      | Reached XP level 3. HP: 24/31 MP: 3/3
   880 | D:2      | Noticed Terence
   898 | D:2      | Killed Terence
  1043 | D:2      | Identified the +7 trident of Forgiveness {freeze, rC+
                  | Int+2}
  1073 | D:2      | Reached XP level 4. HP: 38/38 MP: 4/4
  1171 | D:2      | Reached skill level 1 in Polearms
  1474 | D:2      | Reached XP level 5. HP: 43/43 MP: 5/5
  1656 | D:3      | Found a broken altar of Ashenzari.
  1740 | D:3      | Found a radiant altar of Vehumet.
  1981 | D:3      | Found a sparkling altar of Nemelex Xobeh.
  1988 | D:3      | Found a burning altar of Makhleb.
  1994 | D:3      | Found a bloodstained altar of Trog.
  2017 | D:3      | Became a worshipper of Nemelex Xobeh the Trickster
  2147 | D:4      | Noticed Blork the orc
  2171 | D:4      | Killed Blork the orc
  2172 | D:4      | Reached XP level 6. HP: 30/49 MP: 6/6
  2516 | D:4      | Reached * piety under Nemelex Xobeh
  2688 | D:5      | Entered Level 5 of the Dungeon
  2712 | D:5      | Received a gift from Nemelex Xobeh
  2790 | D:5      | Noticed Prince Ribbit
  2792 | D:5      | Prince Ribbit changed into Prince Ribbit the killer bee
  2792 | D:5      | Noticed Prince Ribbit
  2798 | D:5      | Killed Prince Ribbit the killer bee
  3037 | D:5      | Reached ** piety under Nemelex Xobeh
  3049 | D:5      | Reached skill level 5 in Polearms
  3096 | D:5      | Noticed a sky beast
  3107 | D:5      | Killed a sky beast
  3108 | D:5      | Reached XP level 7. HP: 46/55 MP: 7/7
  3417 | D:6      | Reached skill level 1 in Invocations
  3478 | D:6      | Received a gift from Nemelex Xobeh
  3558 | D:6      | Found Puam's Antique Weapon Shop.
  3610 | D:6      | Found an ancient bone altar of Kikubaaqudgha.
  3634 | D:6      | Reached XP level 8. HP: 55/61 MP: 10/10
  3702 | D:6      | Identified the +0 ring mail "Uqegupi" {rPois}
  3765 | D:6      | Reached skill level 5 in Fighting
  3904 | D:6      | Reached *** piety under Nemelex Xobeh
  4188 | D:6      | Found a shadowy altar of Dithmenos.
  4189 | D:6      | Found a hazy altar of Hepliaklqana.
  4254 | D:7      | Received a gift from Nemelex Xobeh
  4284 | D:7      | Reached skill level 5 in Invocations
  4347 | D:7      | Noticed a boulder beetle
  4679 | D:7      | Found a stormy altar of Qazlal.
  4748 | D:7      | Reached XP level 9. HP: 31/68 MP: 12/12
  5290 | D:8      | Reached skill level 6 in Fighting
  5294 | D:8      | Found a flagged portal.
  5424 | Bailey   | Entered a bailey
  5877 | Bailey   | Found a burning altar of Makhleb.
  6075 | D:8      | Reached **** piety under Nemelex Xobeh
  6075 | D:8      | Received a gift from Nemelex Xobeh
  6172 | D:8      | Reached XP level 10. HP: 76/76 MP: 13/13
  6342 | D:8      | Found a transporter.
  6345 | D:8      | Found a transporter.
  6345 | D:8      | Noticed a centaur warrior
  6345 | D:8      | Noticed a seven-headed hydra
  6847 | D:8      | Reached skill level 10 in Polearms
  6895 | D:9      | Received a gift from Nemelex Xobeh
  7354 | D:9      | Received a gift from Nemelex Xobeh
  7355 | D:9      | Reached ***** piety under Nemelex Xobeh
  7448 | D:9      | Found a staircase to the Lair.
  7483 | D:9      | Reached skill level 7 in Fighting
  7512 | D:9      | Reached skill level 8 in Fighting
  7669 | D:9      | Found a snail-covered altar of Cheibriados.
  7699 | D:9      | Found Duplaquqi's Armour Shoppe.
  7799 | D:9      | Got the Discursus on Concoctions
  7974 | D:10     | Entered Level 10 of the Dungeon
  8018 | D:10     | Received a gift from Nemelex Xobeh
  8086 | D:10     | Found a staircase to the Orcish Mines.
  8103 | D:10     | Found an ornate altar of the Wu Jian Council.
  8344 | D:10     | Reached skill level 9 in Fighting
  8344 | D:10     | Reached XP level 11. HP: 58/89 MP: 16/16
  8794 | D:10     | Found a hide-covered altar of Uskayaw.
  9225 | D:11     | Reached skill level 10 in Fighting
  9274 | D:11     | Noticed a two-headed ogre
  9285 | D:11     | Killed a two-headed ogre
  9340 | D:11     | Found a frozen archway.
  9353 | D:11     | Reached skill level 5 in Evocations
  9526 | IceCv    | Entered an ice cave
 10163 | IceCv    | Received a gift from Nemelex Xobeh
 10407 | IceCv    | Reached skill level 11 in Fighting
 10454 | IceCv    | Noticed a reaper
 10664 | IceCv    | Killed a reaper
 11176 | IceCv    | Identified the +4 quarterstaff of the Revolution {freeze,
                  | rF+ Str+2}
 11470 | D:11     | Reached skill level 1 in Dodging
 11470 | D:11     | Reached XP level 12. HP: 95/100 MP: 18/18
 11684 | D:11     | Noticed a two-headed ogre
 11703 | D:11     | Killed a two-headed ogre
 11717 | D:11     | Received a gift from Nemelex Xobeh
 12272 | Lair:1   | Entered Level 1 of the Lair of Beasts
 12283 | Lair:1   | Noticed a five-headed hydra
 12287 | Lair:1   | a five-headed hydra changed into a glowing shapeshifter
 12293 | Lair:1   | a steelbarb worm changed into a quicksilver ooze
 12293 | Lair:1   | Noticed a quicksilver ooze (glowing shapeshifter)
 12294 | Lair:1   | a quicksilver ooze changed into a goliath frog
 12297 | Lair:1   | Noticed a bunyip
 12300 | Lair:1   | Killed a bunyip
 12301 | Lair:1   | Reached skill level 5 in Armour
 12321 | Lair:1   | Received a gift from Nemelex Xobeh
 12336 | Lair:1   | Found a dark tunnel.
 12453 | Volcano  | Entered a volcano
 12956 | Volcano  | Found a radiant altar of Vehumet.
 13008 | Volcano  | Noticed a stone giant
 13016 | Volcano  | Killed a stone giant
 13472 | Lair:1   | Received a gift from Nemelex Xobeh
 13755 | Lair:1   | Received a gift from Nemelex Xobeh
 14266 | Lair:2   | Noticed a boulder beetle
 14287 | Lair:2   | Killed a boulder beetle
 14357 | Lair:2   | Gained mutation: You are strongly in touch with the powers
                  | of death. [Mummy growth]
 14357 | Lair:2   | Reached XP level 13. HP: 98/106 MP: 19/19
 14405 | Lair:2   | Received a gift from Nemelex Xobeh
 14647 | Lair:2   | Received a gift from Nemelex Xobeh
 14765 | Lair:2   | Found a staircase to the Swamp.
 14902 | Lair:2   | Received a gift from Nemelex Xobeh
 15509 | Lair:3   | Reached skill level 1 in Shields
 15676 | Lair:3   | Noticed Gastronok
 15705 | Lair:3   | Killed Gastronok
 15760 | Lair:3   | Reached ****** piety under Nemelex Xobeh
 15880 | Lair:3   | Noticed Snorg
 15884 | Lair:3   | Reached skill level 5 in Shields
 15892 | Lair:3   | Killed Snorg
 16228 | Lair:3   | Found a staircase to the Snake Pit.
 16281 | Lair:4   | Received a gift from Nemelex Xobeh
 16385 | Lair:4   | Received a gift from Nemelex Xobeh
 16744 | Lair:4   | Found a staircase to the Slime Pits.
 16764 | Lair:4   | Reached XP level 14. HP: 110/113 MP: 20/20
 16779 | Lair:4   | Received a gift from Nemelex Xobeh
 16871 | Lair:4   | Found a viscous altar of Jiyva.
 17040 | Lair:5   | Entered Level 5 of the Lair of Beasts
 17220 | Lair:5   | Received a gift from Nemelex Xobeh
 17640 | Lair:5   | Received a gift from Nemelex Xobeh
 18354 | Lair:5   | Found a blossoming altar of Fedhas.
 18916 | Orc:1    | Entered Level 1 of the Orcish Mines
 19049 | Orc:1    | Reached skill level 12 in Fighting
 19264 | Orc:1    | Noticed a stone giant
 19350 | Orc:1    | Killed a stone giant
 19376 | Orc:1    | Found the +2 Maxwell's thermic engine {flame, freeze, rev}
 19388 | Orc:1    | Identified the +0 pair of gloves of Elyvilon's Esteem
                  | {Will- rCorr Dex+3}
 19421 | Orc:1    | Identified the +6 trident of Pedyegeq {heavy, rPois rC+
                  | Int-5 Stlth+}
 19422 | Orc:1    | Identified the +7 morningstar "Beetlebane" {freeze, rElec
                  | SInv}
 19423 | Orc:1    | Identified the +8 orcbow "Wilicel" {heavy, Stlth+}
 19569 | Orc:1    | Found a bloodstained altar of Trog.
 19588 | Orc:1    | Received a gift from Nemelex Xobeh
 19680 | Orc:1    | Reached skill level 13 in Fighting
 19716 | Orc:1    | You fall into a shaft and drop 1 floor!
 19716 | Orc:2    | Entered Level 2 of the Orcish Mines
 19716 | Orc:2    | Noticed Rupert
 19729 | Orc:2    | Killed Rupert
 19796 | Orc:1    | Found an iron altar of Okawaru.
 20225 | Orc:2    | Noticed Josephine
 20228 | Orc:2    | Killed Josephine
 20282 | Orc:1    | Reached XP level 15. HP: 52/124 MP: 21/21
 20446 | Orc:2    | Noticed Maurice
 20449 | Orc:2    | Killed Maurice
 20510 | Orc:2    | Noticed Sonja
 20531 | Orc:2    | Killed Sonja
 20566 | Orc:2    | Received a gift from Nemelex Xobeh
 20640 | Orc:2    | Found a roughly hewn altar of Beogh.
 20647 | Orc:2    | Found a roughly hewn altar of Beogh.
 20708 | Orc:2    | Found a roughly hewn altar of Beogh.
 20718 | Orc:2    | Found Lasseacre's Assorted Antiques.
 20896 | Orc:2    | Found a roughly hewn altar of Beogh.
 20898 | Orc:2    | Found Igual's Antique Weapon Shoppe.
 20976 | Orc:2    | Reached skill level 14 in Fighting
 21038 | Orc:2    | Found Togufume's Antique Armour Emporium.
 21039 | Orc:2    | Found a roughly hewn altar of Beogh.
 21042 | Orc:2    | Found Gayloisku's Antique Weapon Shoppe.
 21239 | D:7      | Found a staircase to the Ecumenical Temple.
 21275 | D:7      | Received a gift from Nemelex Xobeh
 21279 | Temple   | Entered the Ecumenical Temple
 22028 | D:6      | Bought a runed demon whip for 432 gold pieces
 22249 | D:12     | Received a gift from Nemelex Xobeh
 22270 | D:12     | Identified the +2 ring mail of the Swamp {rN+++}
 22777 | D:12     | Received a gift from Nemelex Xobeh
 22880 | D:13     | Reached skill level 10 in Invocations
 22983 | D:13     | Received a gift from Nemelex Xobeh
 23526 | D:14     | Received a gift from Nemelex Xobeh
 23751 | D:14     | Received a gift from Nemelex Xobeh
 23979 | D:14     | Found a gate to the Vaults.
 24222 | D:14     | Found a broken altar of Ashenzari.
 24376 | D:14     | Received a gift from Nemelex Xobeh
 24438 | D:15     | Entered Level 15 of the Dungeon
 24750 | D:15     | HP: 25/126 [acid (7)]
 24949 | D:15     | Found a staircase to the Depths.
 24959 | D:15     | Received a gift from Nemelex Xobeh
 25491 | D:15     | Received a gift from Nemelex Xobeh
 25922 | D:6      | Bought the +5 Force Lance {heavy, knockback} for 897 gold
                  | pieces
 25922 | D:6      | Found the +5 Force Lance {heavy, knockback}
 26072 | Snake:1  | Entered Level 1 of the Snake Pit
 26119 | Snake:1  | Found a transporter.
 26190 | Snake:1  | Received a gift from Nemelex Xobeh
 26230 | Snake:1  | Found a transporter.
 26239 | Snake:1  | Found a bloodstained altar of Trog.
 26239 | Snake:1  | Noticed topfpfpflanze's ghost (adept OpAE)
 26784 | Snake:1  | Reached XP level 16. HP: 113/134 MP: 9/25
 26794 | Snake:1  | Reached skill level 15 in Fighting
 26949 | Snake:1  | Received a gift from Nemelex Xobeh
 27018 | Snake:1  | Found Pilef's Assorted Antiques.
 27023 | Snake:1  | Found Qunaler's Armour Shop.
 27035 | Snake:1  | Bought the +7 crystal plate armour "Qazonecs" {rElec rF+
                  | Str+3} for 1786 gold pieces
 27392 | Snake:1  | Killed topfpfpflanze's ghost
 27400 | Snake:1  | Identified the +0 cloak "Orulat" {rElec rF- rC+++ Stlth-}
 27771 | Snake:2  | Found a flickering gateway to a bazaar.
 27783 | Bazaar   | Entered a bazaar
 27798 | Bazaar   | Found Bunn's Book Shoppe.
 27799 | Bazaar   | Found Ahoo's Assorted Antiques.
 27839 | Bazaar   | Found Ocsataf's Assorted Antiques.
 27839 | Bazaar   | Found Jutteir's Armour Emporium.
 28236 | Snake:2  | Received a gift from Nemelex Xobeh
 28854 | Snake:2  | Reached skill level 10 in Armour
 28949 | Snake:3  | Found Neqawer's Self-Improvement Boutique.
 29166 | Snake:3  | Received a gift from Nemelex Xobeh
 29573 | Snake:4  | Entered Level 4 of the Snake Pit
 29818 | Snake:4  | Received a gift from Nemelex Xobeh
 30146 | Snake:4  | Found a shimmering altar of Xom.
 30318 | Snake:4  | Identified the ring "Budus" {Fire Int+3 Dex+4 Stlth-}
 30321 | Snake:4  | Got the Directory of Generation
 30712 | Snake:4  | Reached XP level 17. HP: 75/142 MP: 26/26
 30959 | Snake:4  | Got a serpentine rune of Zot
 31152 | Swamp:1  | Entered Level 1 of the Swamp
 31748 | Swamp:1  | Received a gift from Nemelex Xobeh
 32308 | Swamp:2  | Received a gift from Nemelex Xobeh
 32953 | Swamp:3  | Received a gift from Nemelex Xobeh
 33026 | Swamp:3  | Found a runed translucent door.
 33026 | Swamp:3  | Noticed Noufimio's ghost (adept KoBr)
 33440 | Swamp:3  | Noticed Mlioglotl
 33440 | Swamp:3  | Noticed Mara
 33527 | Swamp:3  | Mlioglotl changed into Mlioglotl the hell hog
 33527 | Swamp:3  | Noticed Mlioglotl
 33530 | Swamp:3  | Killed Mlioglotl the hell hog
 33532 | Swamp:3  | Noticed NormalPerson7's illusion
 33542 | Swamp:3  | Killed Mara
 33774 | Swamp:4  | Entered Level 4 of the Swamp
 33774 | Swamp:4  | Received a gift from Nemelex Xobeh
 33826 | Swamp:4  | Reached XP level 18. HP: 123/149 MP: 28/28
 34190 | Swamp:4  | Reached skill level 15 in Armour
 34633 | Swamp:4  | Got a decaying rune of Zot
 35183 | Vaults:1 | Entered Level 1 of the Vaults
 35239 | D:14     | Reached skill level 16 in Fighting
 35573 | Vaults:1 | Received a gift from Nemelex Xobeh
 36004 | Vaults:1 | Reached skill level 17 in Fighting
 36195 | Vaults:1 | Received a gift from Nemelex Xobeh
 36528 | Vaults:1 | Reached skill level 15 in Invocations
 36571 | Vaults:1 | Received a gift from Nemelex Xobeh
 36979 | Vaults:1 | Reached XP level 19. HP: 150/161 MP: 30/30
 37147 | Vaults:1 | Received a gift from Nemelex Xobeh
 37286 | Vaults:2 | Reached skill level 10 in Shields
 37378 | Vaults:2 | Received a gift from Nemelex Xobeh
 38298 | Vaults:2 | Reached skill level 18 in Fighting
 38521 | Vaults:2 | Received a gift from Nemelex Xobeh
 38696 | Vaults:3 | Found a staircase to the Crypt.
 39139 | Vaults:3 | Received a gift from Nemelex Xobeh
 40180 | Vaults:3 | Found the +9 sword of Power {lifebolt}
 40194 | Vaults:3 | Reached XP level 20. HP: 171/171 MP: 31/31
 40472 | Vaults:3 | Received a gift from Nemelex Xobeh
 40777 | Vaults:4 | Received a gift from Nemelex Xobeh
 40868 | Vaults:4 | Received a gift from Nemelex Xobeh
 41051 | Vaults:4 | Received a gift from Nemelex Xobeh
 41967 | Vaults:4 | Found Qyorisos's Distillery.
 42381 | Orc:2    | Found a staircase to the Elven Halls.
 42416 | Orc:2    | Received a gift from Nemelex Xobeh
 42472 | Orc:2    | Found a roughly hewn altar of Beogh.
 42578 | Orc:2    | Found a roughly hewn altar of Beogh.
 42667 | Elf:1    | Entered Level 1 of the Elven Halls
 42922 | Orc:2    | Reached skill level 19 in Fighting
 43166 | Elf:1    | Found Keimaaq's Distillery.
 43281 | Elf:1    | Received a gift from Nemelex Xobeh
 43291 | Elf:1    | Found a portal to a secret trove of treasure.
 43613 | Elf:1    | Paralysed by an air elemental for 1 turns
 43987 | Elf:2    | Identified the beast talisman "Qenetz" {Will+}
 44479 | Elf:2    | Received a gift from Nemelex Xobeh
 44486 | Elf:2    | Paralysed by an air elemental for 1 turns
 44491 | Elf:2    | Paralysed by an air elemental for 1 turns
 44510 | Elf:2    | Found Xuam's Weapon Boutique.
 44738 | Elf:2    | Reached XP level 21. HP: 181/181 MP: 33/33
 44785 | Elf:2    | Found a runed translucent gate.
 44786 | Elf:2    | Found a runed translucent gate.
 44786 | Elf:2    | Found a runed translucent gate.
 45559 | Elf:2    | Received a gift from Nemelex Xobeh
 45773 | Elf:3    | Entered Level 3 of the Elven Halls
 45819 | Elf:3    | Noticed Roxanne
 45853 | Elf:3    | Paralysed by an air elemental for 1 turns
 45960 | Elf:3    | Received a gift from Nemelex Xobeh
 46896 | Elf:3    | Reached skill level 20 in Fighting
 47182 | Elf:3    | Identified the +0 gold dragon scales of the Game Afoot
                  | {rPois rF+ rC+ Int+3 Slay+2}
 47182 | Elf:3    | Identified the amulet "Bucrew" {Faith Fly Dex+4}
 47183 | Elf:3    | Identified the +4 spear of Mandamus {flame, Int+4 Dex+2}
 47194 | Elf:3    | Paralysed by an air elemental for 1 turns
 47241 | Elf:3    | Identified the amulet of Untruth {Faith Rampage rC+ rN++
                  | Stlth-}
 47437 | Elf:3    | Identified the amulet "Koujafel" {Reflect rPois Will+ Str+6
                  | SH+5}
 47528 | Elf:3    | Identified the +3 plate armour "Nueco" {rElec rC+ Dex-3
                  | SInv}
 47531 | Elf:3    | Got the Octavo of Lithic Blasts
 47630 | Elf:3    | Received a gift from Nemelex Xobeh
 47642 | Elf:3    | Identified the +5 scale mail of Violets {rPois Int+3}
 48009 | Orc:2    | Bought a scroll of teleportation for 93 gold pieces
 48009 | Orc:2    | Bought a scroll of torment for 294 gold pieces
 48009 | Orc:2    | Bought a pair of runed boots for 232 gold pieces
 48009 | Orc:2    | Bought a scroll of teleportation for 93 gold pieces
 48018 | Orc:2    | Bought a scroll of enchant armour for 232 gold pieces
 48259 | Depths:1 | Entered Level 1 of the Depths
 48862 | D:15     | Reached skill level 5 in Dodging
 49122 | Depths:1 | Received a gift from Nemelex Xobeh
 49415 | Depths:1 | Reached XP level 22. HP: 190/190 MP: 34/34
 49486 | Depths:1 | Found a sacrificial altar of Ru.
 49591 | Depths:1 | Found a gateway to Hell.
 49671 | Depths:1 | Received a gift from Nemelex Xobeh
 49724 | Depths:2 | Identified the +2 pair of gloves "Beuf" {Will++}
 49829 | Depths:2 | Received a gift from Nemelex Xobeh
 50055 | Depths:2 | Found a one-way gateway to a ziggurat.
 50256 | Depths:2 | Found a one-way gate leading to the halls of Pandemonium.
 50733 | Depths:2 | Found Biej Bics's Antique Weapon Boutique.
 50941 | Depths:2 | Received a gift from Nemelex Xobeh
 50941 | Depths:2 | Identified a scroll of acquirement
 50950 | Depths:2 | Acquired a manual of Shields
 51670 | Depths:3 | Noticed Jory
 51674 | Depths:3 | Killed Jory
 51842 | Depths:3 | Noticed Grunn
 51856 | Depths:3 | Killed Grunn
 51997 | Depths:3 | Received a gift from Nemelex Xobeh
 52287 | Depths:3 | Found a one-way gate to the infinite horrors of the Abyss.
 52862 | Depths:4 | Entered Level 4 of the Depths
 53400 | Depths:4 | Found a gate to the Realm of Zot.
 53695 | Depths:4 | Received a gift from Nemelex Xobeh
 53803 | Depths:4 | Noticed a juggernaut
 53813 | Depths:4 | Killed a juggernaut
 53920 | Depths:4 | Reached skill level 15 in Shields
 54306 | Depths:4 | Found Jetzet's Assorted Antiques.
 54311 | Depths:4 | Found Wurphed's Magic Scroll Boutique.
 54351 | Depths:4 | Received a gift from Nemelex Xobeh
 54402 | Depths:4 | Found a hazy altar of Hepliaklqana.
 54624 | Depths:4 | Bought a pair of slimy gloves for 465 gold pieces
 54624 | Depths:4 | Identified the +0 pair of gloves of the Valley of Death
                  | {rElec Dex-2 Stlth+} (You bought it in a shop on level 4 of
                  | the Depths)
 54625 | Depths:4 | Bought a scroll of butterflies for 196 gold pieces
 54625 | Depths:4 | Bought a scroll of fog for 196 gold pieces
 54631 | Depths:4 | Bought a scroll of enchant armour for 90 gold pieces
 54940 | Slime:1  | Entered Level 1 of the Pits of Slime
 55189 | Slime:3  | Reached XP level 23. HP: 186/196 MP: 36/36
 55516 | Slime:4  | Received a gift from Nemelex Xobeh
 55869 | Slime:5  | Entered Level 5 of the Pits of Slime
 56012 | Slime:5  | Found a viscous altar of Jiyva.
 56013 | Slime:5  | Noticed the Royal Jelly
 56040 | Slime:5  | the Royal Jelly changed into a white very ugly thing shaped
                  | Royal Jelly
 56040 | Slime:5  | Noticed a white very ugly thing shaped Royal Jelly
 56040 | Slime:5  | Killed a brown very ugly thing shaped Royal Jelly
 56417 | Slime:5  | Found the amulet of the Air {Inacc Air Fly rElec RMsl}
 56663 | Slime:5  | Identified the +0 ring mail of the Eight Beds {rC+}
 56687 | Slime:5  | Got the Elucidation of Enthralled Terra Firma
 56692 | Slime:5  | Got a slimy rune of Zot
 56755 | Slime:5  | Identified the +6 orcbow "Totwoako" {drain, rPois Str+3}
 56787 | Slime:5  | Identified the storm talisman of Impermeability {MP+9
                  | Str+4}
 56807 | Slime:5  | Acquired the +2 cloak of Imperfection {+Blink rC++ Int+2}
 57196 | Vaults:5 | Entered Level 5 of the Vaults
 57915 | Vaults:5 | Received a gift from Nemelex Xobeh
 58049 | Vaults:5 | Reached skill level 10 in Evocations
 58412 | Vaults:5 | Identified the staff of Xamev {rN++ Stlth- Tloc Air Earth}
 58540 | Vaults:5 | Noticed an ancient lich
 58554 | Vaults:5 | Killed an ancient lich
 58798 | Vaults:5 | Identified the +3 leather armour of Sunlight {rF++ rN+
                  | Stlth-}
 59064 | Vaults:5 | Got a silver rune of Zot
 59268 | Vaults:5 | Reached XP level 24. HP: 204/204 MP: 37/37
 59522 | Vaults:5 | Identified the +2 bardiche of Qedivva {flame, rC+ Dex+3}
 59562 | Vaults:5 | Identified the +6 mace of Severance {venom, rN+ SInv}
 59814 | Vaults:5 | Received a gift from Nemelex Xobeh
 60214 | Zot:1    | Entered Level 1 of the Realm of Zot
 60284 | Zot:1    | Noticed Ifoebbur's ghost (legendary KoDe)
 60293 | Zot:1    | Found a runed translucent door.
 60335 | Zot:1    | Reached skill level 21 in Fighting
 60980 | Zot:1    | Reached skill level 22 in Fighting
 61123 | Zot:1    | Received a gift from Nemelex Xobeh
 62175 | Zot:2    | Reached skill level 23 in Fighting
 62192 | Zot:2    | Acquired a manual of Fighting
 62287 | Zot:2    | Found a transporter.
 62290 | Zot:2    | Reached skill level 24 in Fighting
 62401 | Zot:2    | Noticed a Killer Klown
 62412 | Zot:2    | Killed a Killer Klown
 62573 | Zot:2    | Found a transporter.
 62826 | Zot:2    | Received a gift from Nemelex Xobeh
 63277 | Zot:3    | Reached skill level 25 in Fighting
 63715 | Zot:3    | Received a gift from Nemelex Xobeh
 63969 | Zot:3    | Found the +4 dragonskin cloak {Aegis}
 63969 | Zot:3    | Noticed Tiamat
 64003 | Zot:3    | Tiamat changed into Tiamat the juggernaut
 64003 | Zot:3    | Noticed Tiamat
 64008 | Zot:3    | Killed Tiamat the juggernaut
 64743 | Zot:4    | Received a gift from Nemelex Xobeh
 64921 | Zot:4    | Reached XP level 25. HP: 218/229 MP: 37/37
 65052 | Zot:4    | Received a gift from Nemelex Xobeh
 65872 | Zot:4    | Received a gift from Nemelex Xobeh
 65945 | Zot:5    | Entered Level 5 of the Realm of Zot
 66211 | Zot:5    | Reached skill level 26 in Fighting
 66357 | Zot:5    | Received a gift from Nemelex Xobeh
 66560 | Zot:5    | Noticed a Killer Klown
 66575 | Zot:5    | Killed a Killer Klown
 66763 | Zot:5    | Noticed a Killer Klown
 66770 | Zot:5    | Killed a Killer Klown
 66781 | Zot:5    | Noticed an orb of fire
 66804 | Zot:5    | Killed an orb of fire
 66843 | Zot:5    | Noticed a dread lich
 67421 | Zot:5    | Noticed an orb of fire
 67436 | Zot:5    | Killed an orb of fire
 67671 | Zot:5    | Noticed an orb of fire
 67682 | Zot:5    | Killed a dread lich
 67684 | Zot:5    | Identified the +2 long sword "Alivvo" {vamp, rC+}
 67691 | Zot:5    | Killed an orb of fire
 67923 | Zot:5    | Noticed a Killer Klown
 67943 | Zot:5    | Killed a Killer Klown
 67981 | Zot:5    | Noticed an ancient lich
 67998 | Zot:5    | Noticed a Killer Klown
 67998 | Zot:5    | Killed an ancient lich
 68032 | Zot:5    | Killed a Killer Klown
 68319 | Zot:5    | Noticed a Killer Klown
 68337 | Zot:5    | Killed a Killer Klown
 68430 | Zot:5    | Noticed an ancient lich
 68448 | Zot:5    | Killed an ancient lich
 68588 | Zot:5    | Noticed an orb of fire
 68600 | Zot:5    | Killed an orb of fire
 68969 | Zot:5    | Got the Orb of Zot
 69002 | Zot:5    | Noticed a seraph
 69497 | D:1      | Noticed Kiowk the pandemonium lord
 69518 | D:$      | Escaped with the Orb!

Illustrated notes

Levels and vault maps discovered:
D:1:      lightli_arrival_statuegarden, layout_basic
D:2:      layout_basic, hellmonk_ecumenical_altar_heavens_door,
          nicolae_grassy_gnolls, uniq_terence
D:3:      layout_rooms, minitemple, mainiacjoe_overflow_tiny_flanked,
          general_overflow_altar, minmay_ruptured
D:4:      layout_rooms, uniq_blork_the_orc
D:5:      layout_basic, minmay_stone_trees_small, uniq_prince_ribbit1
D:6:      layout_loops_ring, riverfiend_overflow_shadow_ancestor,
          kiku_gazebo_garden_becter, serial_shops, nicolae_shop_tiny_waterfront
D:7:      layout_cave_pods, mainiacjoe_overflow_24_doors,
          minmay_temple_entry_large_hall, serial_library_hellmonk_hallway_a,
          amcnicky_mini_rare_corridor_liquid, wad_mini_maze
D:8:      kennysheep_kobold_camp, layout_basic, gammafunk_temple_overflow_arena,
          enter_bailey_4
D:9:      layout_irregular_city, mainiacjoe_overflow_small_starburst,
          grunt_lair_entry_orc_guard_hut, serial_shops, shop
D:10:     layout_stronghold, nicolae_uskayaw_dance_hall,
          mainiacjoe_overflow_surrounded_room, orc_0_dummy
D:11:     layout_rooms, portal_ice_cave_entry_animals_and_master,
          serial_co_window_serial, co_window_of_opportunity_a,
          co_window_corner_a, co_window_paths_a, co_window_corner_a,
          co_window_corner_a, co_window_cross_4, co_window_cross_3,
          co_window_broadway_b, co_window_corner_ca, co_window_paths_c,
          glass_columns_b, glass_columns_b, zin_statuary
D:12:     layout_loops_cross
D:13:     layout_gridville
D:14:     layout_grid_maze, skrybe_vaults_entry_preservation, tso_metal_star,
          nicolae_ashenzari_skybound
D:15:     hellmonk_depths_entry_around_the_bend, layout_irregular_city,
          skrybe_limestone_x
Temple:   chequers_temple_sunken
Lair:1:   layout_regular_city, nicolae_volcano_entry_lava_flow
Lair:2:   layout_regular_city, skrybe_swamp_entry_bodies, serial_rivers,
          chequers_serial_rivers_micro_b, chequers_serial_rivers_large_a,
          chequers_serial_rivers_micro_b, chequers_serial_rivers_small_a,
          chequers_serial_rivers_micro_e
Lair:3:   nzn_winding_woodlands_small [nzn_winding_woodlands_5x15_pool,
          nzn_winding_woodlands_center_garden,
          nzn_winding_woodlands_5x15_river_crossing], layout_regular_city,
          nicolae_snake_entry_squirm, cheibrodos_lair_lostbears, uniq_snorg,
          uniq_gastronok
Lair:4:   layout_long_grid, nicolae_slime_entry_slimehenge,
          infiniplex_staircase_pool
Lair:5:   guppyfry_lair_end_dragon, layout_long_grid, hangedman_lair_in_review,
          chequers_serial_rivers_micro_a, tgw_fedhas
Swamp:1:  layout_falls_marsh, nicolae_swamp_long_stream, st_swamp_ruins_4,
          infiniplex_staircase_pool_2
Swamp:2:  layout_basic_swamp, evilmike_swamp_ruin_house_4
Swamp:3:  layout_basic_swamp, ebering_ghost_inner_flame,
          evilmike_swamp_ruin_house_6, uniq_mlioglotl, uniq_mara
Swamp:4:  swamp, layout_basic_swamp
Snake:1:  layout_onion_interference, gammafunk_ghost_wrathful_warriors,
          grunt_ministairs_4, minmay_shop_star
Snake:2:  layout_chambers, serial_shops, bzr_firewalk
Snake:3:  layout_concentric_octagons, nicolae_shop_self_help
Snake:4:  snake_pit, layout_cave_town, basic_altar,
          nrook_guardian_serpent_ordinary
Slime:1:  layout_caves
Slime:2:  layout_caves
Slime:3:  layout_caves, nicolae_slime_ancient_tower_intersection,
          nicolae_slime_rock_hall_of_fame
Slime:4:  layout_caves
Slime:5:  slime_pit
Orc:1:    giant_chief_lemuel, layout_caves, basic_altar,
          okawaru_metal_pillars_1_2
Orc:2:    grunt_orc_community_town_hall, layout_caves,
          grunt_orc_community_big_house_2, grunt_orc_community_big_house_1,
          grunt_orc_community_house_3, grunt_orc_community_house_1,
          grunt_orc_community_house_3, grunt_orc_community_house_1,
          uniq_josephine, uniq_sonja, uniq_maurice, uniq_rupert
Elf:1:    eino_elf_arrival_sip, layout_geoelf_diagonals, serial_shops, shop,
          trove_entry_hex_spiral, hangedman_elf_disciples
Elf:2:    nicolae_elf_blades_crystal_corner, layout_loops_ring, serial_shops,
          nicolae_shop_bloodbath_and_beyond, serial_library_hellmonk_u_bend,
          serial_library_regret_index_boxing, grunt_ministairs_1
Elf:3:    nooodl_elf_gasket, layout_geoelf_grid, uniq_roxanne
Vaults:1: v_misc_29, nicolae_vaults_mini_display_case, nicolae_vaults_wrenched,
          st_diamondy, v_pattern_1, nicolae_vaults_house_1,
          nicolae_vaults_variable_pillar_hall, nicolae_vaults_house_2,
          nicolae_vaults_windows_and_doors_thing, hangedman_vaults_capsules,
          nicolae_vaults_diamond_1, nicolae_vaults_little_ls,
          vaults_room_stairs_pillars, layout_vaults_big_cross
Vaults:2: v_misc_4, vaults_mumra_chevron_long, dpeg_vaults_monster_box,
          v_misc_26, hangedman_vaults_river_flow,
          nicolae_vaults_little_squares_4, nicolae_vaults_yaktaur_gun_rack,
          vaults_mumra_bighexcomb, nicolae_vaults_turnstiles, v_alt_pattern_4,
          vaults_room_grid, nicolae_vaults_tetromino_L_1, vaults_room_pools,
          nicolae_vaults_tetromino_T_2, layout_vaults_omnibox
Vaults:3: vaults_room_hallway, minmay_guarded_unrand_sword_of_power,
          minmay_crypt_entry_simple_sparse, ontoclasm_vaults_spin,
          vaults_room_stairs_pillars, v_rooms_5, nicolae_vaults_alarming,
          nicolae_vaults_heart-shaped_vault, v_misc_27, vaults_room_fours,
          layout_vaults_maze_snakey
Vaults:4: vaults_dpeg_cross, nicolae_vaults_lightning_bolt, grunt_vaults_focal,
          nicolae_vaults_frosty_reception, v_misc_11, v_alt_pattern_6,
          dpeg_vaults_hating_casters, ontoclasm_vaults_gateway,
          vaults_dpeg_diagonal, ontoclasm_vaults_chip,
          ontoclasm_vaults_ring_small, layout_vaults_big_room, serial_shops,
          nicolae_shop_pleasant_corner_grove
Vaults:5
Depths:1: layout_cave_pools, hangedman_geh_valley,
          nicolae_ru_great_annihilating_truth
Depths:2: dreamdust_cat_pyramid, layout_gridlike, enter_ziggurat_b,
          serial_shops, nicolae_shop_advertising_works
          [nicolae_subvault_shop_adworks], nicolae_figureground_sparkle,
          rand_demon_pan_entry_8, hell_entry, nicolae_elyvilon_peaceful_grove,
          infiniplex_staircase_zigzag_1
Depths:3: hangedman_hanging_gardens, layout_gridlike, hell_entry,
          abyss_entry_glasseish, grunt_decor_junction, minmay_misc_feat_tower,
          chequers_jeans, uniq_grunn, uniq_jory
Depths:4: grunt_x_marks_the_spot, layout_cross,
          nicolae_hepliaklqana_hippocampus, abyss_entry, serial_shops, shop,
          nicolae_shop_crystal, hell_entry, serial_bayou_shore_b
Zot:1:    layout_basic, hellmonk_ghost_big_iron
Zot:2:    gammafunk_sealed_arena, layout_misc_corridors
Zot:3:    layout_gridville, hangedman_zot_decor_tridents,
          regret_index_zotdec_obsidian_hm, uniq_tiamat
Zot:4:    kennysheep_ambush_hall, layout_basic, st_stairs_4
Zot:5:    layout_misc_corridors

Skill      XL: |  1  2  3  4  5  6  7  8  9 10 11 12 13 14 15 16 17 18 19 20 21 22 23 24 25 |
---------------+----------------------------------------------------------------------------+-----
Maces & Flails | 1 2 |  2.0
Polearms       | 2 3 5 6 7 9 10 12 13 14 | 14.0
Invocations    | 3 5 7 9 12 14 15 16 17 19 20 21 | 21.0
Fighting       | 5 6 9 11 13 14 15 17 18 19 20 25 26 | 26.0
Evocations     | 4 5 8 10 | 10.0
Armour         | 3 4 6 7 12 14 15 16 17 18 19 22 | 22.0
Dodging        | 1 4 6 |  6.0
Shields        | 7 9 11 15 | 15.0

Action                     |  1- 3 |  4- 6 |  7- 9 | 10-12 | 13-15 | 16-18 | 19-21 | 22-24 | 25-27 || total
---------------------------+-------+-------+-------+-------+-------+-------+-------+-------+-------++-------
  Melee: Club              |     9 |       |       |       |       |       |       |       |       ||     9
         Whip              |    86 |       |       |       |       |       |       |       |       ||    86
         Trident           |     3 |   111 |   279 |   771 |  1764 |  1268 |       |       |       ||  4196
         Lance             |       |       |       |       |       |    18 |       |       |       ||    18
         Demon trident     |       |       |       |       |       |   792 |  2270 |  1879 |   473 ||  5414
   Fire: Sling             |    14 |       |       |       |       |       |       |       |       ||    14
  Throw: Dart              |       |       |    20 |    12 |     4 |       |       |       |       ||    36
         Boomerang         |       |       |     3 |     6 |       |       |       |       |       ||     9
 Invoke: Draw Destruction  |       |     1 |     4 |    11 |    23 |    22 |    19 |    22 |     3 ||   105
         Draw Summoning    |       |       |     2 |    11 |     9 |     8 |     8 |     8 |     3 ||    49
         Draw Escape       |       |       |       |     4 |     6 |     2 |     5 |     4 |       ||    21
         Stack Five        |       |       |       |     1 |       |       |       |       |       ||     1
         Deal Four         |       |       |       |     1 |       |     2 |     2 |     1 |     1 ||     7
         Draw Stack        |       |       |       |       |     2 |       |     2 |     1 |       ||     5
         Triple Draw       |       |       |       |       |       |       |       |     1 |     2 ||     3
Ability: Evoke Blink       |       |       |       |       |       |       |       |     2 |       ||     2
  Evoke: Sack of spiders   |     1 |       |       |       |     1 |       |       |     1 |       ||     3
         Wand              |       |       |     1 |    12 |     5 |    12 |    18 |    10 |     5 ||    63
         Condenser vane    |       |       |       |       |     1 |       |     1 |     1 |       ||     3
         Lightning rod     |       |       |       |       |       |       |     4 |     4 |       ||     8
         Phial of floods   |       |       |       |       |       |       |     1 |       |       ||     1
         Phantom mirror    |       |       |       |       |       |       |       |     1 |     1 ||     2
    Use: Scroll            |     1 |     4 |     3 |    11 |     7 |     8 |    15 |    17 |     4 ||    70
   Stab: Paralysed         |       |       |       |     6 |       |       |       |     1 |       ||     7
         Distracted        |       |       |       |     1 |       |     2 |     2 |     1 |     1 ||     7
         Petrified         |       |       |       |       |    14 |       |       |    14 |       ||    28
         Confused          |       |       |       |       |     6 |       |       |       |       ||     6
         Petrifying        |       |       |       |       |     1 |       |       |     1 |       ||     2
 Armour: Scale mail        |    92 |     9 |       |   142 |   834 |    11 |       |       |       ||  1088
         Plate armour      |       |    42 |   216 |   324 |       |       |       |       |       ||   582
         Chain mail        |       |       |       |    69 |       |       |       |       |       ||    69
         Crystal plate arm |       |       |       |       |       |  1686 |  1590 |  1707 |   337 ||  5320
  Dodge: Dodged            |    51 |    17 |    66 |   174 |   452 |   353 |   315 |   570 |    98 ||  2096
  Block: Other             |       |     9 |    46 |    82 |       |       |       |       |       ||   137
         Reflection        |       |     1 |     5 |     7 |       |       |     4 |    45 |     7 ||    69
         Kite shield       |       |       |       |       |   729 |  1118 |   975 |  1902 |   403 ||  5127

Table legend: (Time is in decaauts)
 A = Elapsed time spent in this place.
 B = Non-inter-level travel time spent in this place.
 C = Inter-level travel time spent in this place.
 D = Time resting spent in this place.
 E = Time spent auto-exploring this place.
 F = Levels seen in this place.
 G = Mean time per level.
                   A        B        C        D        E       F      G
               +--------+--------+--------+--------+--------+-----+--------+
         Total |  67981 |  62517 |   5464 |  17232 |  25590 |  57 | 1192.6 |
       Dungeon |  17042 |  14870 |   2172 |   3455 |   7800 |  15 | 1136.1 |
        Temple |     40 |     40 |      0 |      0 |      0 |   1 |   40.0 |
          Lair |   6124 |   5444 |    680 |    735 |   2953 |   5 | 1224.8 |
         Swamp |   3916 |   3708 |    208 |    630 |   1883 |   4 |  979.0 |
     Snake Pit |   4686 |   4463 |    223 |    810 |   2314 |   4 | 1171.5 |
    Slime Pits |   1973 |   1900 |     73 |   1165 |      3 |   5 |  394.6 |
  Orcish Mines |   3025 |   2490 |    535 |    491 |   1136 |   2 | 1512.5 |
   Elven Halls |   4459 |   4070 |    389 |    751 |   1624 |   3 | 1486.3 |
        Vaults |   9161 |   8614 |    547 |   2116 |   3063 |   5 | 1832.2 |
        Depths |   5685 |   5377 |    308 |   1793 |   2241 |   4 | 1421.2 |
           Zot |   8848 |   8523 |    325 |   4071 |   2264 |   5 | 1769.6 |
        Bazaar |     88 |     88 |      0 |      0 |     74 |   1 |   88.0 |
        Bailey |    515 |    515 |      0 |    162 |      0 |   1 |  515.0 |
      Ice Cave |   1662 |   1662 |      0 |    782 |    234 |   1 | 1662.0 |
       Volcano |    749 |    749 |      0 |    266 |      0 |   1 |  749.0 |
               +--------+--------+--------+--------+--------+-----+--------+

Top non-repeatable levels by time:
   Zot:5: 3040 daAuts
Vaults:5: 2449 daAuts
    D:15: 2377 daAuts
Vaults:1: 1962 daAuts
   Elf:2: 1816 daAuts
Vaults:2: 1803 daAuts
Depths:3: 1798 daAuts
     D:7: 1780 daAuts
   Zot:1: 1762 daAuts
  Lair:5: 1713 daAuts
Depths:4: 1682 daAuts
   Zot:3: 1665 daAuts
   IceCv: 1662 daAuts
Vaults:4: 1640 daAuts
Depths:2: 1636 daAuts
